 Dungeon Crawl Stone Soup version 0.30.0-5-g1a98f26d00 (webtiles) character file.

Game seed: 15544580568003771515

130 monsoonserge the Grave Robber (level 5, -1/39 HPs)
             Began as a Ghoul Necromancer on May 10, 2023.
             Slain by a crimson imp (2 damage)
             ... on level 3 of the Dungeon.
             The game lasted 00:10:56 (2103 turns).

monsoonserge the Grave Robber (Ghoul Necromancer)   Turns: 2103, Time: 00:10:56

Health: -1/39      AC:  8    Str: 12    XL:     5   Next: 13%
Magic:  7/7        EV: 10    Int: 12    God:
Gold:   134        SH:  0    Dex:  9    Spells: 4/8 levels left

rFire   . .          .
                       - Unarmed
rCold   + . .        (no shield)
rNeg    + + +        k - +3 ring mail
rPois   ∞            (no helmet)
rElec   .            (no cloak)
rCorr   .            (no gloves)
SInv    .            (no boots)
Will    .....        (no amulet)
Stlth   +            p - ring of wizardry
HPRegen 0.00/turn    (no ring)
MPRegen 0.10/turn

%: wizardry (x1)
@: attractive, inhibited regen
A: claws 1, cold resistance 1, negative energy resistance 3, inhibited
regeneration, torment resistance 2, devour on kill
a: no special abilities


You were on level 3 of the Dungeon.
You visited 1 branch of the dungeon, and saw 4 of its levels.

You collected 134 gold pieces.

Inventory:

Missiles
 d - 12 boomerangs (quivered)
 e - 13 poisoned darts
Armour
 k - a +3 ring mail (worn)
Jewellery
 p - a ring of wizardry (left claw)
Scrolls
 a - a scroll of enchant weapon {unknown}
 c - 2 scrolls of identify {unknown}
 f - a scroll of immolation {unknown}
 g - a scroll of torment {unknown}
 h - a scroll of acquirement {unknown}
 l - a scroll of fear {unknown}
 m - a scroll of enchant armour {unknown}
 n - a scroll of teleportation {unknown}
Potions
 b - a potion of magic


   Skills:
 + Level 0.6 Fighting
 * Level 1.9 Armour
 + Level 2.1 Dodging
 + Level 2.4 Stealth
 + Level 2.2 Unarmed Combat
 - Level 2.0 Spellcasting
 + Level 4.7 Necromancy


You had 4 spell levels left.
You knew the following spells:

 Your Spells              Type           Power      Damage    Failure   Level
a - Necrotise             Necr           48%        1d6       3%          1
b - Vampiric Draining     Necr           12%        2d6       11%         3

Your spell library contained the following spells:

 Spells                   Type           Power      Damage    Failure   Level
 Summon Small Mammal      Summ           4%         N/A       24%         1
 Ensorcelled Hibernation  Hex/Ice        2%         N/A       32%         2
 Lesser Beckoning         Tloc           2%         N/A       32%         2
 Passwall                 Tmut/Erth      0%         N/A       32%         2
 Animate Dead             Necr           12%        N/A       32%         4
 Call Canine Familiar     Summ           1%         N/A       54%         3
 Gell's Gravitas          Tloc           1%         N/A       54%         3
 Summon Guardian Golem    Hex/Summ       1%         N/A       54%         3
 Swiftness                Air            1%         N/A       54%         3
 Teleport Other           Tloc           1%         N/A       54%         3
 Agony                    Necr           12%        N/A       65%         5


Dungeon Overview and Level Annotations

Branches:
Dungeon (4/15)
 Temple: D:4-7

Altars:
Ashenzari
Dithmenos


Innate Abilities, Weirdness & Mutations

You are immune to poison.
You have sharp fingernails.
Your flesh is cold resistant. (rC+)
You are immune to negative energy. (rN+++)
You do not regenerate when monsters are visible.
You are immune to unholy pain and torment.
You thrive by killing the living.


Message History

You miss the crimson imp.
The crimson imp hits you but does no damage.
You scratch the crimson imp.
The crimson imp is moderately wounded.
The crimson imp hits you.
* * * LOW HITPOINT WARNING * * *
The crimson imp is attracted toward you.
You closely miss the crimson imp.
The crimson imp is moderately wounded.
The crimson imp barely misses you. The crimson imp hits you.
* * * LOW HITPOINT WARNING * * *
You barely miss the crimson imp.
The crimson imp is lightly wounded.
The crimson imp barely misses you.
The crimson imp blinks!
The crimson imp is attracted toward you.
You closely miss the crimson imp.
The crimson imp is lightly wounded.
The crimson imp hits you but does no damage. x2
You scratch the crimson imp but do no damage.
The crimson imp barely misses you. x2
You scratch the crimson imp but do no damage.
The crimson imp hits you but does no damage.
The crimson imp barely misses you.
You closely miss the crimson imp.
The crimson imp hits you but does no damage. x2
You scratch the crimson imp.
The crimson imp is lightly wounded.
The crimson imp hits you but does no damage. x2
You closely miss the crimson imp.
The crimson imp is lightly wounded.
The crimson imp hits you but does no damage. x2
You closely miss the crimson imp.
The crimson imp is lightly wounded.
The crimson imp barely misses you. The crimson imp closely misses you.
You miss the crimson imp. The crimson imp barely misses you.
The crimson imp blinks!
The crimson imp is attracted toward you.
The crimson imp is attracted toward you.
You closely miss the crimson imp. The crimson imp hits you.
You die...

.'..........#####..
.#####.....###..... #. #.#
#.###5##...... +.. #.#
#.###.##...... #..#####.#
#...#.#....... #........#
###.#.#.#.....
#........#####.#.#.#.....
##........<..##.#.#.#.....
+........@##§....>.....)..
#.......55##.##.###...[)..
#.....§...##.##.# #.†.....
+.......).'.....# #.......
##........##§#### #....#..
#§.......##.# #....#..
#........##.# #....#..
###########.# #....#.[ .§#
#....# .


You could see 2 crimson imps.

Vanquished Creatures
  2 crimson imps (D:3)
  An adder (D:2)
  2 worms
  2 dart slugs (D:3)
  3 orcs (D:3)
  2 endoplasms
  A giant cockroach (D:2)
  6 goblins
  A hobgoblin (D:1)
  4 jackals (D:1)
  A ball python (D:3)
  2 frilled lizards (D:1)
  4 kobolds
  7 rats
38 creatures vanquished.

Vanquished Creatures (collateral kills)
  An endoplasm (D:1)
  A jackal (D:1)
  A frilled lizard (D:1)
3 creatures vanquished.

Grand Total: 41 creatures vanquished

Notes
Turn   | Place    | Note
-------+----------+-------------------------------------------
     0 | D:1      | monsoonserge the Ghoul Necromancer began the quest for the
                  | Orb.
     0 | D:1      | Reached XP level 1. HP: 14/14 MP: 2/2
   160 | D:1      | Reached XP level 2. HP: 20/20 MP: 1/3
   271 | D:1      | Found a faded altar of an unknown god.
   925 | D:2      | Reached XP level 3. HP: 23/26 MP: 4/4
  1105 | D:2      | Found a broken altar of Ashenzari.
  1234 | D:2      | Learned a level 3 spell: Vampiric Draining
  1485 | D:2      | Identified the -1 pair of boots of Time Monsters {-Tele
                  | Will++ Str+6}
  1695 | D:3      | Reached skill level 1 in Unarmed Combat
  1736 | D:3      | Reached skill level 1 in Armour
  1813 | D:3      | Reached XP level 4. HP: 22/34 MP: 5/5
  1902 | D:4      | Found a shadowy altar of Dithmenos.
  2082 | D:3      | Reached XP level 5. HP: 9/39 MP: 7/7
  2091 | D:3      | HP: 1/39 [crimson imp (2)]
  2103 | D:3      | Slain by a crimson imp

Illustrated notes

Levels and vault maps discovered:
D:1:      dpeg_arrival_lava_altar, layout_loops_ring,
          chequers_ecumenical_altar_simple, minmay_misc_feat_rows, st_stairs_4
D:2:      layout_basic, serial_forest, infiniplex_forest_end_1,
          infiniplex_forest_lined_3_way, infiniplex_forest_straight_1,
          infiniplex_forest_clump_medium, basic_altar
D:3:      layout_basic, lemuel_doored_altar, led_xom_imps, serial_shops, shop
D:4:      layout_rooms, kennysheep_mini_moat, nicolae_yredelemnul_ghost_church,
          overflow_temple_1_default, roderic_lattice_a, minivault_14

Skill      XL: |  1  2  3  4 |
---------------+-------------+-----
Unarmed Combat | 1 2 |  2.2
Armour         | 1 |  1.9
Dodging        | 2 |  2.1
Spellcasting   | 2 |  2.0
Fighting       | |  0.6
Stealth        | |  2.4
Necromancy     | |  4.7

Action                     |  1- 3 |  4- 6 || total
---------------------------+-------+-------++-------
  Melee: Unarmed           |   166 |   136 ||   302
         Punch             |     2 |     2 ||     4
   Cast: Necrotise         |    22 |       ||    22
    Use: Potion            |       |     3 ||     3
   Stab: Sleeping          |     1 |       ||     1
 Armour: Robe              |    19 |       ||    19
         Ring mail         |    42 |    68 ||   110
  Dodge: Dodged            |    98 |    69 ||   167
